 Dungeon Crawl Stone Soup version 0.29-a0-298-g3c90f9a769 (webtiles) character file.

Game seed: 1327108857305710416

249 Ajdolov the Ducker (level 6, -2/50 HPs)
             Began as a Gnoll Gladiator on Mar 23, 2022.
             Killed by nerve-wracking pain
             ... invoked by an orc priest
              (5 damage)
             ... on level 3 of the Dungeon.
             The game lasted 00:04:54 (4686 turns).

Ajdolov the Ducker (Gnoll Gladiator)                Turns: 4686, Time: 00:04:55

Health: -2/50      AC:  8    Str: 13    XL:     6   Next: 12%
Magic:  8/8        EV: 13    Int:  7    God:
Gold:   197        SH:  0    Dex: 16    Spells: 8/8 levels left

rFire   . . .      SeeInvis .   a - +0 long sword
rCold   . . .      Faith    .   (no shield)
rNeg    . . .      Spirit   .   h - +0 ring mail
rPois   .          Reflect  .   c - +0 helmet
rElec   .          Harm     .   (no cloak)
rCorr   .          Rampage  .   t - +0 pair of gloves
Will    .....                   r - +0 pair of boots
Stlth   +.........              (no amulet)
HPRegen 0.16/turn               (no ring)
MPRegen 0.11/turn               (no ring)

@: no status effects
A: fangs 1, strong nose, distributed training
a: no special abilities


You were on level 3 of the Dungeon.
You visited 1 branch of the dungeon, and saw 4 of its levels.

You collected 197 gold pieces.

Inventory:

Hand Weapons
 a - a +0 long sword (weapon)
Missiles
 d - 3 throwing nets (quivered)
 e - 6 javelins
Armour
 c - a +0 helmet (worn)
 h - a +0 ring mail (worn)
 k - a +0 buckler
 r - a +0 pair of boots (worn)
 t - a +0 pair of gloves (worn)
Jewellery
 x - a +6 ring of dexterity
Wands
 v - a wand of paralysis (5)
Scrolls
 b - 2 scrolls of enchant armour {unknown}
 i - a scroll of teleportation {unknown}
 l - a scroll of holy word {unknown}
 o - 3 scrolls of identify {unknown}
 s - a scroll of magic mapping {unknown}
 y - a scroll of immolation {unknown}
Potions
 f - a potion of brilliance {unknown}
 g - a potion of heal wounds {unknown}
 j - a potion of invisibility {unknown}
 m - 2 potions of mutation {unknown}
 n - a potion of resistance
 p - a potion of might {unknown}
 q - a potion of curing
 u - a potion of ambrosia {unknown}
 w - a potion of lignification {unknown}
 z - a potion of degeneration {unknown}


   Skills:
 + Level 4.9 Fighting
 + Level 1.8 Short Blades
 + Level 6.8 Long Blades
 + Level 1.8 Axes
 + Level 1.8 Maces & Flails
 + Level 1.8 Polearms
 + Level 1.8 Staves
 + Level 1.8 Slings
 + Level 1.8 Bows
 + Level 1.8 Crossbows
 + Level 4.9 Throwing
 + Level 1.8 Armour
 + Level 6.8 Dodging
 + Level 1.8 Stealth
 + Level 1.8 Shields
 + Level 1.8 Unarmed Combat
 + Level 1.8 Spellcasting
 + Level 1.4 Conjurations
 + Level 1.4 Hexes
 + Level 1.4 Summonings
 + Level 1.4 Necromancy
 + Level 1.4 Translocations
 + Level 1.4 Transmutations
 + Level 1.4 Fire Magic
 + Level 1.4 Ice Magic
 + Level 1.4 Air Magic
 + Level 1.4 Earth Magic
 + Level 1.4 Poison Magic
 + Level 2.0 Invocations
 + Level 1.8 Evocations


You had 8 spell levels left.
You didn't know any spells.
Your spell library was empty.

Dungeon Overview and Level Annotations

Branches:
Dungeon (4/15)
 Temple: D:4-7

Altars:
Gozag

Annotations:
D:3 3 runed translucent doors, Olga's ghost, amateur DgCj


Innate Abilities, Weirdness & Mutations

You have very sharp teeth.
Your uncanny sense of smell can sniff out nearby items.
Your experience applies equally to all skills.


Message History

The adder hisses angrily.
The jackal stops to sniff the ground.
Olga's ghost screams, "Don't try to defend!
You have no chance!"
Olga's ghost ripples.
HP restored.
Olga's ghost shouts, "There is no future for me!"
You climb downwards.
The iguana bites you.
There is a stone staircase leading up, spattered with blood here.
Unknown command.
The orc priest hits you with a +0 club. The iguana bites you.
You climb upwards.
Level annotation: 3 runed translucent doors, Olga's ghost, amateur DgCj
There is a stone staircase leading down here.
Things that are here:
a +0 hand crossbow; a +0 dagger; a kobold skeleton You completely miss the orc priest.
The iguana bites you.
The orc priest mumbles some strange prayers to Beogh against you.
Beogh smites you!
You slash the orc priest!
The orc priest is heavily wounded.
The orc priest miscasts a cantrip.
The iguana bites you!
* * * LOW HITPOINT WARNING * * *
The orc priest barely misses you. The iguana misses you.
Unknown command.
You closely miss the orc priest.
The orc priest is heavily wounded.
The iguana bites you!
* * * LOW HITPOINT WARNING * * *
The orc priest hits you but does no damage.
Unknown command.
You hit the orc priest.
The orc priest is severely wounded.
The orc priest looks satisfied for a moment.
The iguana closely misses you.
You barely miss the orc priest.
The orc priest is severely wounded.
The orc priest invokes the aid of Beogh against you.
Pain shoots through your body!
You die...

#.............#
#.............#
#.....[####'#.# #......#
#.#.# #......# #.#.#
#......# #.#.# #......#
#...######## #......#
##o)#......#
###############l@#......#
#...# ##∩8.##.[......#
#...# #...$h#........#
#...######8...S+........#
....'....#∩$8_.+..).....#
....######8...$+........#
....)....#..$..#........#
.##.#######∩8.##........#
###.# #####.........#


You could see an iguana, an orc priest, an adder and a jackal.

Vanquished Creatures
  Ijyb (D:3)
  Terence (D:2)
  An orc wizard (D:3)
  Robin (D:2)
  A gnoll (D:1)
  5 adders
  A worm (D:2)
  A dart slug (D:1)
  5 orcs
  3 bats
  5 endoplasms
  3 giant cockroaches (D:1)
  11 hobgoblins
  13 jackals
  4 kobolds
  3 quokkas (D:2)
  9 ball pythons
  7 frilled lizards
  15 goblins
  7 rats
97 creatures vanquished.

Notes
Turn   | Place    | Note
-------+----------+-------------------------------------------
     0 | D:1      | Ajdolov the Gnoll Gladiator began the quest for the Orb.
     0 | D:1      | Reached XP level 1. HP: 20/20 MP: 1/1
    47 | D:1      | Reached XP level 2. HP: 16/26 MP: 2/2
   986 | D:1      | Reached XP level 3. HP: 31/31 MP: 3/3
  1178 | D:1      | Reached skill level 1 in Invocations
  1282 | D:1      | Reached skill level 1 in Short Blades
  1282 | D:1      | Reached skill level 1 in Axes
  1282 | D:1      | Reached skill level 1 in Maces & Flails
  1282 | D:1      | Reached skill level 1 in Polearms
  1282 | D:1      | Reached skill level 1 in Staves
  1282 | D:1      | Reached skill level 1 in Slings
  1282 | D:1      | Reached skill level 1 in Bows
  1282 | D:1      | Reached skill level 1 in Crossbows
  1282 | D:1      | Reached skill level 1 in Armour
  1282 | D:1      | Reached skill level 1 in Stealth
  1282 | D:1      | Reached skill level 1 in Shields
  1282 | D:1      | Reached skill level 1 in Unarmed Combat
  1282 | D:1      | Reached skill level 1 in Spellcasting
  1282 | D:1      | Reached skill level 1 in Evocations
  1452 | D:1      | Reached XP level 4. HP: 35/38 MP: 5/5
  1813 | D:2      | Found a faded altar of an unknown god.
  1978 | D:2      | Noticed Robin
  2004 | D:2      | Killed Robin
  2005 | D:2      | Reached skill level 1 in Conjurations
  2005 | D:2      | Reached skill level 1 in Hexes
  2005 | D:2      | Reached skill level 1 in Summonings
  2005 | D:2      | Reached skill level 1 in Necromancy
  2005 | D:2      | Reached skill level 1 in Translocations
  2005 | D:2      | Reached skill level 1 in Transmutations
  2005 | D:2      | Reached skill level 1 in Fire Magic
  2005 | D:2      | Reached skill level 1 in Ice Magic
  2005 | D:2      | Reached skill level 1 in Air Magic
  2005 | D:2      | Reached skill level 1 in Earth Magic
  2005 | D:2      | Reached skill level 1 in Poison Magic
  2010 | D:2      | Noticed Terence
  2349 | D:2      | Reached XP level 5. HP: 40/43 MP: 6/6
  2562 | D:2      | Killed Terence
  3010 | D:2      | Identified the +1 robe of Liberty {rN+}
  3431 | D:3      | Found a runed translucent gate.
  3432 | D:3      | Found a runed translucent gate.
  3432 | D:3      | Found an opulent altar of Gozag.
  3433 | D:3      | Found a runed translucent gate.
  3435 | D:3      | Noticed Olga's ghost (amateur DgCj)
  3550 | D:3      | Noticed Ijyb
  3552 | D:3      | Paralysed by Ijyb for 5 turns
  3566 | D:3      | Killed Ijyb
  4290 | D:3      | Reached XP level 6. HP: 11/50 MP: 8/8
  4686 | D:3      | Killed from afar by an orc priest

Illustrated notes

Levels and vault maps discovered:
D:1:      dpeg_arrival_refuge, layout_basic, dk_noncrumbling_2,
          chequers_serial_rivers_small_3, dk_noncrumbling_4, skrybe_limestone_x
D:2:      layout_basic, nicolae_ecumenical_pavilion, uniq_terence, uniq_robin
D:3:      layout_basic, ebering_ghost_gozag, uniq_ijyb
D:4:      layout_basic

Skill      XL: |  1  2  3  4  5 |
---------------+----------------+-----
Invocations    | 1 2 |  2.0
Short Blades   | 1 |  1.8
Axes           | 1 |  1.8
Maces & Flails | 1 |  1.8
Polearms       | 1 |  1.8
Staves         | 1 |  1.8
Slings         | 1 |  1.8
Bows           | 1 |  1.8
Crossbows      | 1 |  1.8
Armour         | 1 |  1.8
Stealth        | 1 |  1.8
Shields        | 1 |  1.8
Unarmed Combat | 1 |  1.8
Spellcasting   | 1 |  1.8
Evocations     | 1 |  1.8
Conjurations   | 1 |  1.4
Hexes          | 1 |  1.4
Summonings     | 1 |  1.4
Necromancy     | 1 |  1.4
Translocations | 1 |  1.4
Transmutations | 1 |  1.4
Fire Magic     | 1 |  1.4
Ice Magic      | 1 |  1.4
Air Magic      | 1 |  1.4
Earth Magic    | 1 |  1.4
Poison Magic   | 1 |  1.4
Fighting       | |  4.9
Long Blades    | |  6.8
Throwing       | |  4.9
Dodging        | |  6.8

Action                   |  1- 3 |  4- 6 || total
-------------------------+-------+-------++-------
Melee: Long sword        |   126 |   169 ||   295
       Bite              |     5 |    13 ||    18
       Punch             |       |     5 ||     5
 Stab: Sleeping          |       |     4 ||     4
Armor: Ring mail         |    52 |    64 ||   116
Dodge: Dodged            |   111 |   119 ||   230

Table legend: (Time is in decaauts)
 A = Elapsed time spent in this place.
 B = Non-inter-level travel time spent in this place.
 C = Inter-level travel time spent in this place.
 D = Time resting spent in this place.
 E = Time spent auto-exploring this place.
 F = Levels seen in this place.
 G = Mean time per level.
                   A        B        C        D        E       F      G
               +--------+--------+--------+--------+--------+-----+--------+
         Total |   4717 |   4601 |    116 |    889 |   2882 |   4 | 1179.2 |
       Dungeon |   4717 |   4601 |    116 |    889 |   2882 |   4 | 1179.2 |
               +--------+--------+--------+--------+--------+-----+--------+

Top non-repeatable levels by time:
     D:1: 1847 daAuts
     D:2: 1389 daAuts
     D:3: 1320 daAuts
     D:4: 160 daAuts
